 Dungeon Crawl Stone Soup version 0.21-a0-85-ga0cb861 (webtiles) character file.

116 HAL9000 the Skirmisher (level 5, -3/54 HPs)
             Began as an Ogre Hunter on June 25, 2017.
             Slain by an orc priest
             ... wielding a +0 club
              (6 damage)
             ... on level 2 of the Dungeon.
             The game lasted 00:04:48 (3239 turns).

HAL9000 the Skirmisher (Ogre Hunter)                Turns: 3239, Time: 00:04:49

Health: -3/54      AC:  3    Str: 17    XL:     5   Next: 1%
Magic:  5/5        EV: 10    Int: 12    God:
Gold:   95         SH:  0    Dex:  9    Spells: 4/4 levels left

rFire    . . .     SeeInvis .   a - +0 short sword
rCold    . . .     Gourm    .   (no shield)
rNeg     . . .     Faith    .   b - +0 robe
rPois    .         Spirit   .   (helmet restricted)
rElec    .         Reflect  .   (no cloak)
rCorr    .         Harm     .   (gloves unavailable)
MR       .....                  (boots unavailable)
Stlth    +.........             (no amulet)
HPRegen  0.18/turn              (no ring)
MPRegen  0.09/turn              (no ring)

@: no status effects
A: unfitting armour, tough skin 1
a: no special abilities


You were on level 2 of the Dungeon.
You were not hungry.

You visited 1 branch of the dungeon, and saw 3 of its levels.

You collected 95 gold pieces.

Inventory:

Hand Weapons
 a - a +0 short sword (weapon)
 i - a +0 whip
Missiles
 c - 6 large rocks (quivered)
 d - 2 throwing nets
Armour
 b - a +0 robe (worn)
Scrolls
 h - a scroll of teleportation {unknown}
 n - a scroll of blinking {unknown}
 p - 2 scrolls of identify {unknown}
 q - a scroll of remove curse {unknown}
 t - a scroll of enchant weapon {unknown}
 u - a scroll of enchant armour {unknown}
Potions
 k - 2 potions of curing {unknown}
 l - 2 potions of heal wounds {unknown}
Comestibles
 f - a bread ration
 r - a meat ration


   Skills:
 - Level 4.2 Fighting
 + Level 3.3 Maces & Flails
 - Level 4.0 Throwing
 - Level 1.7 Dodging
 - Level 0.6 Stealth


You had 4 spell levels left.
You didn't know any spells.

Dungeon Overview and Level Annotations

Branches:
Dungeon (3/15)

Altars:
The Shining One


Innate Abilities, Weirdness & Mutations

You are too large for most types of armour.
You have tough skin. (AC +1)


Message History

* * * LOW HITPOINT WARNING * * *
The orc closely misses you.
Unknown command.
Throwing (i - inventory. (,) - cycle):
c - 8 large rocks (quivered)
Press: ? - help, Shift-Dir - straight line, f/p - orc priest
Aim: an orc priest, wielding a club (lightly wounded)
You throw a large rock.
The large rock barely misses the orc priest.
The orc priest hits you with a club.
* * * LOW HITPOINT WARNING * * *
The orc barely misses you. The orc priest closely misses you.
The orc hits you with a hand axe.
* * * LOW HITPOINT WARNING * * *
Throwing (i - inventory. (,) - cycle):
c - 7 large rocks (quivered)
Press: ? - help, Shift-Dir - straight line, f/p - orc priest
Aim: an orc priest, wielding a club (lightly wounded)
You throw a large rock.
The large rock barely misses the orc priest.
The orc priest hits you with a club.
You die...

#### #.# #.# #.# #.# #.# #.#
#.# ######.######## #.#
#.............# #<#
#.###.#######.# #.# #.###.#
#......
#.#######.....###.###.#
#(...o@og..).....(....#
#.[##########.###.##..# #..#
#.##....... ###########..#
#.##.######
#............##########<...#
#.#########..............#.#
#.# #..##########..#.# #.#
#.## #....# #.# #.# #.##.#


You could see an orc priest, an orc and a goblin.

Vanquished Creatures
  An orc priest (D:2)
  An adder (D:2)
  3 worms
  2 dart slugs (D:1)
  4 leopard geckos
  An orc (D:3)
  A ball python (D:2)
  2 giant cockroaches (D:1)
  2 goblins (D:1)
  9 hobgoblins
  10 jackals
  6 kobolds
  5 bats
  6 frilled lizards
  6 rats
59 creatures vanquished.

Notes
Turn   | Place    | Note
-------+----------+-------------------------------------------
     0 | D:1      | HAL9000 the Ogre Hunter began the quest for the Orb.
     0 | D:1      | Reached XP level 1. HP: 22/22 MP: 1/1
   376 | D:1      | Reached XP level 2. HP: 31/31 MP: 2/2
  1066 | D:1      | Reached XP level 3. HP: 19/39 MP: 3/3
  1099 | D:1      | Reached skill level 1 in Maces & Flails
  1817 | D:2      | You fall through a shaft!
  2086 | D:2      | Reached XP level 4. HP: 48/48 MP: 4/4
  2160 | D:2      | Found a glowing golden altar of the Shining One.
  2859 | D:2      | Reached XP level 5. HP: 13/54 MP: 5/5
  3239 | D:2      | Slain by an orc priest

Vault maps used:
D:1:      evilmike_arrival_grusome_pit, grunt_decor_arrowhead
D:2:      nicolae_tso_swordbearing_angel
D:3:      elyvilon_altar_4, first_bread, evilmike_ruin_ashenzari

Skill      XL: |  1  2  3  4 |
---------------+-------------+-----
Fighting       | 3 4 |  4.2
Maces & Flails | 2 3 |  3.3
Throwing       | |  4.0
Dodging        | |  1.7
Stealth        | |  0.6

Action                   |  1- 3 |  4- 6 || total
-------------------------+-------+-------++-------
Melee: Short sword       |   173 |    75 ||   248
Throw: Large rock        |       |    11 ||    11
  Eat: Chunk             |     4 |     4 ||     8
Armor: Robe              |    69 |    20 ||    89
Dodge: Dodged            |   101 |    61 ||   162
